 Dungeon Crawl Stone Soup version 0.20.0-8-g6b59dc7 (webtiles) character file.

4387 JarielCorvus the Thaumaturge (level 10, -2/55 HPs)
             Began as a Deep Elf Wizard on June 1, 2017.
             Was a Believer of Vehumet.
             Slain by Deathclocker's ghost (26 damage)
             ... on level 8 of the Dungeon.
             The game lasted 00:44:12 (11745 turns).

JarielCorvus the Thaumaturge (Deep Elf Wizard)     Turns: 11745, Time: 00:44:20

Health: -2/55      AC:  8    Str:  6    XL:     10   Next: 13%
Magic:  19/27      EV: 13    Int: 27    God:    Vehumet [**....]
Gold:   164        SH:  0    Dex: 13    Spells: 19/31 levels left

rFire    x . .     SeeInvis .   l - +3 short sword (venom)
rCold    . . .     Gourm    .   (no shield)
rNeg     + . .     Faith    .   a - +1 robe
rPois    .         Spirit   .   b - +0 hat
rElec    .         Reflect  .   v - +0 cloak of Hucur {rF- rN+ Str+2}
rCorr    .         Harm     .   H - +0 pair of gloves
MR       +....                  y - +0 pair of boots
Stlth    ++........             u - amulet of regeneration
Regen    0.6/turn               (no ring)
MPRegen  0.2/turn               (no ring)

@: about to teleport, very slightly contaminated
A: antennae 1, rugged brown scales 2
a: Renounce Religion


You were on level 8 of the Dungeon.
You worshipped Vehumet.
Vehumet was pleased with you.
You were not hungry.

You visited 2 branches of the dungeon, and saw 9 of its levels.

You collected 458 gold pieces.
You spent 294 gold pieces at shops.

Inventory:

Hand Weapons
 g - a +0 dagger
 i - a cursed -3 dagger
 l - a +3 short sword of venom (weapon)
 A - a +1 scimitar
Armour
 a - a +1 robe (worn)
 b - a +0 hat (worn)
 v - the +0 cloak of Hucur (worn) {rF- rN+ Str+2}
   (You bought it in a shop on level 6 of the Dungeon)

   It affects your strength (+2).
   It makes you vulnerable to fire.
   It protects you from negative energy.
 y - a +0 pair of boots (worn)
 H - a +0 pair of gloves (worn)
Jewellery
 u - an amulet of regeneration (around neck)
 w - the amulet "Obysa" {Reflect rC+ Str+3 Int-5 SH+3 SInv}
   (You found it on level 4 of the Dungeon)

   [amulet of reflection]

   It shields you and reflects attacks.
   It affects your strength (+3).
   It affects your intelligence (-5).
   It protects you from cold.
   It lets you see invisible.
   It affects your SH (+3).
Wands
 e - a wand of confusion (33/48)
 k - a wand of polymorph (11/24)
 q - a wand of confusion (21/48)
 s - a wand of flame (37/48)
 x - a wand of iceblast (3/15)
Scrolls
 p - 3 scrolls of remove curse
 D - 2 scrolls of teleportation
 E - a scroll of magic mapping
Potions
 m - a potion of ambrosia
 n - a potion of lignification
 o - 5 potions of curing
 r - a potion of agility
 t - a potion of haste
 z - a potion of flight
 C - a potion of heal wounds
Books
 c - a book of Minor Magic

   Spells                             Type                      Level
   a - Magic Dart                     Conjuration                  1
   b - Blink                          Translocation                2
   c - Call Imp                       Summoning                    2
   d - Slow                           Hexes                        2
   e - Conjure Flame                  Conjuration/Fire             3
   f - Mephitic Cloud                 Conjuration/Poison/Air       3
 G - a book of Frost

   Spells                             Type                      Level
   a - Freeze                         Ice                          1
   b - Throw Frost                    Conjuration/Ice              2
   c - Ozocubu's Armour               Charms/Ice                   3
   d - Throw Icicle                   Conjuration/Ice              4
   e - Summon Ice Beast               Ice/Summoning                4
Comestibles
 d - a bread ration
 h - 4 fruits
 j - 3 royal jellies


   Skills:
 * Level 2.0 Fighting
 - Level 2.4 Dodging
 - Level 2.4 Stealth
 - Level 11.2 Spellcasting
 - Level 10.0 Conjurations
 - Level 1.1 Summonings
 - Level 1.1 Translocations
 + Level 6.0 Fire Magic
 + Level 5.4 Air Magic


You had 19 spell levels left.
You knew the following spells:

 Your Spells              Type           Power        Failure   Level  Hunger
a - Magic Dart            Conj           ####         1%          1    None
b - Blink                 Tloc           N/A          3%          2    None
c - Call Imp              Summ           ###.....     3%          2    None
d - Conjure Flame         Conj/Fire      ######..     1%          3    None
e - Mephitic Cloud        Conj/Pois/Air  #####...     1%          3    None
f - Shock                 Conj/Air       ####         1%          1    None


Dungeon Overview and Level Annotations

Branches:
Dungeon (8/15)             Temple (1/1) D:6
   Lair: D:8-11

Altars:
Ashenzari
Cheibriados
Dithmenos
Elyvilon
Fedhas
Gozag
Hepliaklqana
Kikubaaqudgha
Makhleb
Nemelex Xobeh
Okawaru
Qazlal
Ru
Sif Muna
Trog
Uskayaw
Vehumet
Xom
Yredelemnul
Zin
The Shining One

Shops:
D:6 [

Annotations:
D:8 Deathclocker's ghost, novice TrMo


Innate Abilities, Weirdness & Mutations

You have a pair of small antennae on your head.
You are mostly covered in rugged brown scales. (AC +2, +5% HP)


Message History

Press: ? - help, Shift-Dir - straight line, f/p - ice beast
Aim: an ice beast (almost dead)
The magic dart hits the ice beast.
The ice beast is almost dead.
Casting: Magic Dart
Confirm with . or Enter, or press ? or * to list all spells.
You don't have enough magic to cast that spell.
Unknown command.
Deathclocker's ghost is engulfed in blazing flames.
As you read the scroll of teleportation, it crumbles to dust.
You feel strangely unstable. Deathclocker's ghost hits you!
Okay, then.
Magic courses through your body. Deathclocker's ghost hits you!!
Casting: Magic Dart
Confirm with . or Enter, or press ? or * to list all spells.
You miscast Blink.
You are very lightly contaminated with residual magic.
The air around you crackles with energy!
Deathclocker's ghost hits you!!
You die...

#.5.# ##..##
## ##..## #.#
#...## ##.#
##...###.#
#....ยง..#
#.....##.##
#......###W##
#......# ##@#
#......## ###
#.......#
........#
.......


You could see Deathclocker's ghost.

Vanquished Creatures
  Joseph (D:7)
  A slime creature (D:6)
  5 yaks (D:6)
  Grum (D:8)
  Eustachio (D:5)
  A water moccasin (D:3)
  An orc warrior (D:5)
  3 ice beasts
  4 ogres
  A phantom (D:5)
  3 wolves (D:8)
  A centaur (D:6)
  A bullfrog (D:7)
  2 scorpions
  Dowan (D:4)
  6 wights
  A howler monkey (D:5)
  4 crimson imps
  3 hounds
  7 jellies (D:6)
  An orc priest (D:5)
  Jessica (D:2)
  A bullfrog skeleton (D:5)
  Terence (D:2)
  2 iguanas
  3 orc wizards
  2 worker ants
  Robin (D:3)
  7 adders
  A shadow imp (D:5)
  15 oozes
  3 adder skeletons
  3 worms
  2 dart slugs (D:1)
  7 leopard geckos
  12 orcs
  5 giant cockroaches
  16 goblins
  15 hobgoblins
  13 jackals
  4 quokkas
  4 ball pythons
  8 bats
  5 frilled lizards
  7 kobolds
  A leopard gecko skeleton (D:5)
  9 rats
197 creatures vanquished.

Vanquished Creatures (collateral kills)
  Grinder (D:3)
  Menkaure (D:4)
  Duvessa (D:4)
  A hobgoblin (D:3)
4 creatures vanquished.

Vanquished Creatures (others)
  A goblin (D:3)
  A hobgoblin (D:3)
  A ball python (D:3)
  2 fungi (D:6)
5 creatures vanquished.

Grand Total: 206 creatures vanquished

Notes
Turn   | Place    | Note
-------+----------+-------------------------------------------
     0 | D:1      | JarielCorvus the Deep Elf Wizard began the quest for the Orb.
     0 | D:1      | Reached XP level 1. HP: 10/10 MP: 7/7
   388 | D:1      | Reached skill level 5 in Spellcasting
   393 | D:1      | Reached XP level 2. HP: 15/15 MP: 3/10
   449 | D:1      | Learned a level 2 spell: Blink
   452 | D:1      | Learned a level 2 spell: Call Imp
   980 | D:1      | Reached XP level 3. HP: 19/19 MP: 8/12
  1481 | D:1      | Reached skill level 6 in Spellcasting
  1887 | D:2      | Noticed Terence
  1901 | D:1      | Learned a level 3 spell: Conjure Flame
  1905 | D:1      | Learned a level 3 spell: Mephitic Cloud
  2032 | D:2      | Killed Terence
  2032 | D:2      | Reached XP level 4. HP: 24/24 MP: 2/14
  2042 | D:2      | Noticed Jessica
  2144 | D:2      | Killed Jessica
  2338 | D:2      | Reached skill level 7 in Spellcasting
  2476 | D:2      | Found a burning altar of Makhleb.
  2478 | D:2      | Found a shimmering altar of Xom.
  2675 | D:2      | Reached XP level 5. HP: 28/28 MP: 4/16
  3004 | D:2      | Found an opulent altar of Gozag.
  3004 | D:2      | Found a blossoming altar of Fedhas.
  3146 | D:3      | Found a radiant altar of Vehumet.
  3163 | D:3      | Became a worshipper of Vehumet
  3549 | D:3      | Noticed a water moccasin
  3559 | D:3      | Killed a water moccasin
  3559 | D:3      | Reached skill level 8 in Spellcasting
  3559 | D:3      | Reached XP level 6. HP: 32/32 MP: 3/19
  3709 | D:3      | Noticed Grinder
  3712 | D:3      | Noticed Robin
  3745 | D:3      | Paralysed by Grinder for 3 turns
  3784 | D:3      | Killed Robin
  4014 | D:3      | Killed Grinder
  4014 | D:3      | Reached skill level 9 in Spellcasting
  4469 | D:3      | Reached * piety under Vehumet
  4469 | D:3      | Offered knowledge of Shock by Vehumet.
  4749 | D:3      | Learned a level 1 spell: Shock
  5079 | D:4      | Reached XP level 7. HP: 12/36 MP: 8/21
  5388 | D:4      | Noticed Duvessa
  5389 | D:4      | Noticed Dowan
  5401 | D:4      | Killed Dowan
  5401 | D:4      | Reached skill level 10 in Spellcasting
  5624 | D:4      | Reached skill level 5 in Conjurations
  5630 | D:4      | Noticed Menkaure
  6016 | D:4      | Killed Menkaure
  6070 | D:4      | Killed Duvessa
  6213 | D:4      | Got a serpentine silver amulet
  6474 | D:4      | Identified the amulet "Obysa" {Reflect rC+ Str+3 Int-5 SH+3 SInv} (You found it on level 4 of the Dungeon)
  6500 | D:5      | Entered Level 5 of the Dungeon
  6603 | D:5      | Noticed Eustachio
  6626 | D:5      | Killed Eustachio
  6626 | D:5      | Reached skill level 11 in Spellcasting
  6626 | D:5      | Reached XP level 8. HP: 41/41 MP: 6/25
  7097 | D:5      | Reached skill level 1 in Fire Magic
  7097 | D:5      | Reached skill level 1 in Air Magic
  8305 | D:6      | Reached XP level 9. HP: 12/45 MP: 14/26
  8492 | D:6      | Found a burning altar of Makhleb.
  8528 | D:6      | Offered knowledge of Sting by Vehumet.
  8536 | D:6      | Reached ** piety under Vehumet
  8664 | D:6      | Found Hofoami's Antique Armour Shop.
  8680 | D:6      | Bought an encrusted cloak for 294 gold pieces
  9140 | D:6      | Offered knowledge of Dazzling Spray by Vehumet.
  9261 | D:6      | Reached skill level 5 in Fire Magic
  9289 | D:6      | Found a staircase to the Ecumenical Temple.
  9440 | D:7      | Identified the +0 cloak of Hucur {rF- rN+ Str+2} (You bought it in a shop on level 6 of the Dungeon)
  9537 | D:7      | Noticed Joseph
  9566 | D:7      | Killed Joseph
  9566 | D:7      | Reached skill level 10 in Conjurations
  9882 | D:7      | Reached skill level 5 in Air Magic
 10455 | Temple   | Entered the Ecumenical Temple
 10616 | Temple   | Gained mutation: You are partially covered in rugged brown scales. (AC +1, +3% HP) [potion of mutation]
 10616 | Temple   | Gained mutation: You are mostly covered in rugged brown scales. (AC +2, +5% HP) [potion of mutation]
 10616 | Temple   | Gained mutation: You have a pair of small antennae on your head. [potion of mutation]
 10719 | D:8      | Noticed Grum
 10725 | D:8      | Reached skill level 1 in Fighting
 10741 | D:8      | Reached XP level 10. HP: 42/54 MP: 6/27
 10908 | D:8      | Killed Grum
 11679 | D:8      | Noticed Deathclocker's ghost (novice TrMo)
 11745 | D:8      | Slain by Deathclocker's ghost

Skill      XL: |  1  2  3  4  5  6  7  8  9 10 |
---------------+-------------------------------+-----
Spellcasting   | 5 6 7 8 9 11 | 11.2
Conjurations   | 2 3 4 5 7 10 | 10.0
Fire Magic     | 3 5 6 |  6.0
Air Magic      | 3 5 |  5.4
Fighting       | 1 2 |  2.0
Dodging        | |  2.4
Stealth        | |  2.4
Summonings     | |  1.1
Translocations | |  1.1

Action                   |  1- 3 |  4- 6 |  7- 9 | 10-12 || total
-------------------------+-------+-------+-------+-------++-------
Melee: Unarmed           |     3 |       |       |       ||     3
       Dagger            |     9 |       |       |       ||     9
       Short sword       |       |     4 |     2 |       ||     6
 Cast: Magic Dart        |   111 |   158 |   402 |   107 ||   778
       Mephitic Cloud    |     2 |     3 |    32 |     3 ||    40
       Conjure Flame     |       |     3 |    18 |     7 ||    28
       Call Imp          |       |    11 |    11 |    10 ||    32
       Shock             |       |       |     3 |       ||     3
       Blink             |       |       |     5 |     1 ||     6
  Use: Scroll            |     3 |     7 |    10 |     1 ||    21
       Potion            |       |     4 |     5 |     1 ||    10
  Eat: Chunk             |     2 |       |     3 |       ||     5
       Bread ration      |       |     3 |     2 |       ||     5
       Meat ration       |       |       |     1 |       ||     1
Armor: Robe              |     6 |     3 |     8 |     1 ||    18
Dodge: Dodged            |    29 |    20 |    34 |     7 ||    90
